 Dungeon Crawl Stone Soup version 0.28.0-53-g5a82cb258f (webtiles) character file.

Game seed: 3743122088744852903

99 styxcanada the Sneak (level 4, -1/23 HPs)
             Began as a Spriggan Brigand on Aug 13, 2022.
             Shot with a stone by a goblin (5 damage)
             ... on level 3 of the Dungeon.
             The game lasted 00:08:20 (2083 turns).

styxcanada the Sneak (Spriggan Brigand)             Turns: 2083, Time: 00:08:21

Health: -1/23      AC:  3    Str:  7    XL:     4   Next: 45%
Magic:  5/6        EV: 17    Int: 12    God:
Gold:   53         SH:  0    Dex: 18    Spells: 4/4 levels left

rFire   . . .      SeeInvis +   m - +2 short sword (speed)
rCold   . . .      Faith    .   (no shield)
rNeg    . . .      Spirit   .   b - +0 robe
rPois   .          Reflect  .   (helmet restricted)
rElec   .          Harm     .   c - +0 cloak
rCorr   .          Rampage  .   (gloves unavailable)
Will    .....                   (boots unavailable)
Stlth   ++++......              (no amulet)
HPRegen 0.07/turn               (no ring)
MPRegen 0.10/turn               (no ring)

@: very quick
A: very small, no large weapons, unfitting armour, see invisible, speed 3
a: no special abilities


You were on level 3 of the Dungeon.
You visited 1 branch of the dungeon, and saw 3 of its levels.

You collected 73 gold pieces.
You spent 20 gold pieces at shops.

Inventory:

Hand Weapons
 a - a +2 dagger
 m - a +2 short sword of speed (weapon)
Missiles
 d - 6 poisoned darts (quivered)
 e - 2 curare-tipped darts
 j - 43 sling bullets
 k - 67 stones
Armour
 b - a +0 robe (worn)
 c - a +0 cloak (worn)
Scrolls
 h - a scroll of magic mapping {unknown}
 l - a scroll of blinking {unknown}
 n - 4 scrolls of identify
 o - a scroll of amnesia {unknown}
 p - 2 scrolls of teleportation {unknown}
 q - a scroll of noise {unknown}
 r - a scroll of fog {unknown}
Potions
 f - a potion of lignification {unknown}
 g - a potion of magic {unknown}
 i - 2 potions of curing {unknown}


   Skills:
 * Level 1.8 Fighting
 + Level 2.9 Short Blades
 + Level 2.0 Throwing
 * Level 2.2 Dodging
 * Level 7.8 Stealth
 * Level 0.8 Spellcasting


You had 4 spell levels left.
You didn't know any spells.
Your spell library contained the following spells:

 Spells                   Type           Power      Damage    Failure   Level
 Call Canine Familiar     Summ           0%         N/A       67%         3
 Gell's Gravitas          Tloc           0%         N/A       67%         3
 Ignite Poison            Fire/Tmut/Pois 0%         N/A       67%         3
 Mephitic Cloud           Conj/Pois/Air  0%         N/A       67%         3
 Portal Projectile        Hex/Tloc       0%         N/A       67%         3
 Teleport Other           Tloc           0%         N/A       67%         3
 Leda's Liquefaction      Hex/Erth       0%         N/A       97%         4
 Freezing Cloud           Conj/Ice/Air   0%         6-21      100%        5
 Dispersal                Tloc           0%         N/A       100%        6


Dungeon Overview and Level Annotations

Branches:
Dungeon (3/15)

Altars:

Shops:
D:2 ?


Innate Abilities, Weirdness & Mutations

You are very small and have problems with some larger weapons.
You are too small for most types of armour.
You have supernaturally acute eyesight. (SInv)
You cover ground extremely quickly. (Speed+++)


Message History

You throw a poisoned dart.
The poisoned dart barely misses Natasha.
Natasha casts a spell.
Unknown command.
The goblin unwields a +0 hunting sling.
The goblin wields a +0 dagger.
The goblin misses you.
The goblin unwields a +0 dagger.
The goblin wields a +0 hunting sling.
The goblin shoots a stone.
The stone misses you.
The goblin shoots a stone.
The stone completely misses you.
Natasha looks more healthy.
Throw: 9 darts (poison)
Press: ? - help, Q - select action, (/) - cycle Shift-Dir - straight line, f/p - Natasha
Aim: Natasha (almost dead, 55% to hit)
You throw a poisoned dart.
The poisoned dart closely misses the crimson imp.
The poisoned dart hits Natasha.
Natasha is poisoned.
Natasha is almost dead.
Natasha mumbles some strange words.
The goblin shoots a stone.
The stone misses you.
Throw: 8 darts (poison)
Press: ? - help, Q - select action, (/) - cycle Shift-Dir - straight line, f/p - Natasha
Aim: Natasha (almost dead, poisoned, 55% to hit)
You throw a poisoned dart.
The poisoned dart misses the crimson imp.
The poisoned dart closely misses Natasha.
The goblin shoots a stone.
The stone barely misses you.
Natasha mumbles some strange words.
The goblin shoots a stone.
The stone closely misses you.
Found 3 scrolls labelled JATWAIT WOMOCHULA.
The crimson imp disappears in a puff of smoke!
You feel a bit more experienced.
You start resting.
A goblin is nearby!
Throw: 7 darts (poison)
Press: ? - help, Q - select action, (/) - cycle Shift-Dir - straight line, f - goblin
Aim: a goblin, wielding a +0 hunting sling and quivering stones (severely wounded, 55% to hit)
You throw a poisoned dart. The poisoned dart hits the goblin.
The goblin is severely wounded.
The goblin shoots a stone.
The stone hits you.
You die...

#.#..........................#.
#.........<..................#.
...#..........................##
#.#..........<.................
#.#............................
#.#...........................#
#.5...........................#
#####.55.g.....)....(...
.....((h..ยง.....@.......
######.................. #
#...#.#................. .
g...$.#...............?.
##......................
#.####..#.............. . #..
................... #
#..##.#.#####......#### #..# ..
##


You could see a goblin.

Vanquished Creatures
  Natasha (D:3)
  2 adders (D:3)
  A worm (D:2)
  A dart slug (D:2)
  4 endoplasms
  3 giant cockroaches (D:1)
  5 goblins
  3 hobgoblins
  7 jackals
  5 quokkas
  4 ball pythons (D:1)
  7 bats
  A frilled lizard (D:1)
  5 kobolds
  6 rats
55 creatures vanquished.

Notes
Turn   | Place    | Note
-------+----------+-------------------------------------------
     0 | D:1      | styxcanada the Spriggan Brigand began the quest for the
                  | Orb.
     0 | D:1      | Reached XP level 1. HP: 10/10 MP: 2/2
    25 | D:1      | Reached skill level 6 in Stealth
   120 | D:1      | Reached XP level 2. HP: 14/14 MP: 3/3
   489 | D:1      | Reached skill level 7 in Stealth
   536 | D:1      | Reached XP level 3. HP: 13/18 MP: 4/4
   615 | D:1      | Found a faded altar of an unknown god.
   967 | D:2      | Found Ruqenac's Magic Scroll Boutique.
   970 | D:2      | Bought a scroll of identify for 20 gold pieces
  1573 | D:3      | Reached XP level 4. HP: 23/23 MP: 5/5
  1684 | D:3      | HP: 1/23 [poisoned by an adder]
  2017 | D:3      | Noticed Natasha
  2080 | D:3      | Killed Natasha
  2083 | D:3      | Shot with a stone by a goblin

Illustrated notes

Levels and vault maps discovered:
D:1:      eino_arrival_water_cross, layout_loops_cross,
          hellmonk_ecumenical_altar_slurped_away
D:2:      cheibrodos_helix_gallery, layout_basic, serial_shops,
          nicolae_shop_behind_doors
D:3:      layout_basic, zin_academy, uniq_terence, uniq_jessica, uniq_natasha

Skill      XL: |  1  2  3 |
---------------+----------+-----
Stealth        | 6 7 |  7.8
Dodging        | 2 |  2.2
Fighting       | |  1.8
Short Blades   | |  2.9
Throwing       | |  2.0
Spellcasting   | |  0.8

Action                   |  1- 3 |  4- 6 || total
-------------------------+-------+-------++-------
Melee: Dagger            |    99 |       ||    99
       Punch             |     3 |       ||     3
       Short sword       |    32 |    36 ||    68
Throw: Dart              |    11 |     8 ||    19
 Stab: Sleeping          |    15 |     1 ||    16
Armor: Robe              |    17 |     3 ||    20
Dodge: Dodged            |    89 |    32 ||   121
